 Dungeon Crawl Stone Soup version 0.31-a0-202-g547052bce9 (webtiles) character file.

Game seed: 9670007430345781951

129 qw the Skirmisher (level 4, 0/27 HPs)
             Began as a Deep Elf Hunter on June 25, 2023.
             Slain by a gnoll
             ... wielding a +0 spear
              (3 damage)
             ... on level 3 of the Dungeon.
             The game lasted 00:00:42 (1269 turns).

qw the Skirmisher (Deep Elf Hunter)                 Turns: 1269, Time: 00:00:42

Health: 0/27       AC:  8    Str: 10    XL:     4   Next: 88%
Magic:  6/6        EV: 11    Int: 14    God:
Gold:   124        SH:  5    Dex: 18    Spells: 3/3 levels left

rFire   . . .        Y - +0 shortbow
rCold   . . .        (shield currently unavailable)
rNeg    . . .        i - +0 ring mail
rPois   .            (no helmet)
rElec   .            (no cloak)
rCorr   .            (no gloves)
SInv    .            j - +2 pair of boots
Will    .....        l - amulet of reflection
Stlth   +            (no ring)
HPRegen 0.24/turn    (no ring)
MPRegen 0.10/turn

%: reflection
@: about to teleport
A: robust 1, evolution 1
a: no special abilities


You were on level 3 of the Dungeon.
You visited 1 branch of the dungeon, and saw 3 of its levels.

You collected 124 gold pieces.


Innate Abilities, Weirdness & Mutations

You are robust. (+10% HP)
You have hidden genetic potential.


   Skills:
 - Level 1.5 Fighting
 + Level 8.3 Ranged Weapons
 - Level 2.4 Dodging
 - Level 1.2 Stealth


You had 3 spell levels left.
You didn't know any spells.
Your spell library was empty.

Inventory:

Hand Weapons
 Y - a +0 shortbow (weapon)
Armour
 i - a +0 ring mail (worn)
 j - a +2 pair of boots (worn)
Jewellery
 l - an amulet of reflection (around neck)
Scrolls
 a - 2 scrolls of identify
Potions
 b - a potion of brilliance {unknown}
 c - a potion of might
 e - a potion of curing
 f - a potion of mutation
 h - a potion of cancellation
 k - a potion of heal wounds

Dungeon Overview and Level Annotations

Branches:
Dungeon (3/15)

Altars:

Shops:
D:2 :

Annotations:
D:1 1 transporter


Message History

You kill the quokka!
The gnoll hits you from afar with a +0 halberd!
A gnoll comes into view. It is wielding a +0 spear.
You shoot an arrow. The arrow hits the gnoll.
The gnoll is lightly wounded.
The gnoll hits you from afar with a +0 halberd!
You shoot an arrow. The arrow barely misses the gnoll.
The arrow barely misses the goblin.
The gnoll misses you.
You shoot an arrow. The arrow hits the gnoll.
The gnoll is severely wounded.
The gnoll barely misses you.
You shoot an arrow. The arrow completely misses the gnoll.
The arrow hits the goblin!
You kill the goblin!
The gnoll barely misses you.
You shoot an arrow. The arrow hits the gnoll!
You kill the gnoll!
The gnoll closely misses you.
You shoot an arrow. The arrow barely misses the gnoll. x2
The gnoll closely misses you.
You shoot an arrow. The arrow completely misses the gnoll.
The arrow hits the gnoll.
The gnoll is heavily wounded.
The gnoll hits you from afar with a +0 spear.
You shoot an arrow. The arrow closely misses the gnoll.
The arrow hits the gnoll!
You kill the gnoll!
The gnoll barely misses you.
You shoot an arrow. The arrow hits the gnoll.
The gnoll is moderately wounded.
The gnoll hits you but does no damage.
You shoot an arrow. The arrow hits the gnoll!
The gnoll is almost dead.
The gnoll hits you from afar with a +0 spear!
1269 ||| READING scroll of teleportation.
As you read the scroll of teleportation, it crumbles to dust.
You feel strangely unstable.
The gnoll hits you from afar with a +0 spear.
You die...

#.
##.###.#
#.# #.#
#.# #.#
#.# #.#
#.# #.#
#.# #.#
#.# #.#
#@# #)#
#g# .).
...
.....
.##.. #.
..#


You could see a gnoll.

Vanquished Creatures
  An orc wizard (D:3)
  3 gnolls
  A worm (D:2)
  3 dart slugs
  3 orcs
  4 endoplasms (D:1)
  2 giant cockroaches (D:1)
  6 goblins
  6 hobgoblins
  6 jackals (D:1)
  5 kobolds
  A quokka (D:3)
  4 ball pythons
  7 bats
  3 frilled lizards
  5 rats
60 creatures vanquished.

Notes
Turn   | Place    | Note
-------+----------+-------------------------------------------
     0 | D:1      | qw the Deep Elf Hunter began the quest for the Orb.
     0 | D:1      | Reached XP level 1. HP: 12/12 MP: 3/3
     0 | D:1      | 0 ||| qw: Version: 0.3-a-22-g0ed2b0b
     0 | D:1      | 0 ||| qw: Game counter: 5720
     0 | D:1      | 0 ||| qw: Melee chars always use a shield: true
     0 | D:1      | 0 ||| qw: God list: Okawaru
     0 | D:1      | 0 ||| qw: Allow faded altars: false
     0 | D:1      | 0 ||| qw: Do Orc after clearing Dungeon:15 true
     0 | D:1      | 0 ||| qw: Do second Lair branch before Depths: true
     0 | D:1      | 0 ||| qw: Lair rune preference: random
     0 | D:1      | 0 ||| qw: Goals: Normal
     0 | D:1      | 0 ||| PLANNING D:1-11
   135 | D:1      | Reached XP level 2. HP: 9/16 MP: 4/4
   137 | D:1      | 137 ||| FLEEEEING.
   140 | D:1      | 140 ||| FLEEEEING.
   179 | D:1      | Reached skill level 6 in Ranged Weapons
   330 | D:1      | Reached XP level 3. HP: 20/20 MP: 5/5
   466 | D:1      | Reached skill level 7 in Ranged Weapons
   650 | D:1      | 650 ||| UPGRADING to +0 ring mail.
   660 | D:1      | 660 ||| DROPPING +0 leather armour.
   661 | D:1      | 661 ||| READING 2 scrolls labelled BOKAG LAKIOFAC.
   662 | D:1      | 662 ||| READING scroll labelled WACVIU SITATE.
   663 | D:1      | 663 ||| READING 2 scrolls labelled MUXIFA ZOSENOI.
   668 | D:1      | 668 ||| READING scroll labelled KIGAFE XICUM.
   669 | D:1      | 669 ||| DRINKING 2 metallic coppery potions.
   669 | D:1      | Gained mutation: You are robust. (+10% HP) [potion of
                  | mutation]
   669 | D:1      | Gained mutation: You have hidden genetic potential. [potion
                  | of mutation]
   676 | D:1      | 676 ||| DRINKING 2 purple potions.
   677 | D:1      | 677 ||| DROPPING scroll of butterflies.
   914 | D:2      | Found Raor's Book Boutique.
   922 | D:2      | Reached XP level 4. HP: 27/27 MP: 6/6
  1126 | D:2      | 1126 ||| UPGRADING to +2 pair of boots.
  1131 | D:2      | 1131 ||| UPGRADING to amulet of reflection.
  1136 | D:2      | 1136 ||| READING scroll labelled EROT CEPNAMMAIT.
  1137 | D:2      | 1137 ||| READING 2 scrolls labelled YNNE NAPPU.
  1187 | D:2      | 1187 ||| READING 5 scrolls of identify.
  1187 | D:2      | 1187 ||| IDENTIFYING yellow potion
  1188 | D:2      | 1188 ||| READING 4 scrolls of identify.
  1188 | D:2      | 1188 ||| IDENTIFYING ruby potion
  1189 | D:2      | 1189 ||| READING 3 scrolls of identify.
  1189 | D:2      | 1189 ||| IDENTIFYING pink potion
  1190 | D:2      | 1190 ||| DROPPING scroll of torment.
  1256 | D:3      | Reached skill level 8 in Ranged Weapons
  1268 | D:3      | HP: 2/27 [gnoll/+0 spear (8)]
  1269 | D:3      | 1269 ||| READING scroll of teleportation.
  1269 | D:3      | Slain by a gnoll

Levels and vault maps discovered:
D:1:      spicycebolla_arrival_risky_transporter, layout_loops_ring
D:2:      layout_rooms, serial_shops, nicolae_shop_tiny_real_fake_doors,
          corexii_corridor_pit
D:3:      layout_loops_ring

Skill      XL: |  1  2  3  4 |
---------------+-------------+-----
Ranged Weapons | 6 7 8 |  8.3
Fighting       | |  1.5
Dodging        | |  2.4
Stealth        | |  1.2

Action                     |  1- 3 |  4- 6 || total
---------------------------+-------+-------++-------
   Fire: Shortbow          |    95 |    50 ||   145
    Use: Scroll            |     4 |     6 ||    10
         Potion            |     2 |       ||     2
 Armour: Leather armour    |     3 |       ||     3
         Ring mail         |       |     5 ||     5
  Dodge: Dodged            |    12 |    13 ||    25
  Block: Other             |       |     6 ||     6

Table legend:
 A = Non-vault XP
 B = Vault XP
 C = Vault XP percentage of total XP
 D = Non-vault monster count
 E = Vault monster count
 F = Vault count percentage of total count
                 A         B        C        D         E       F
            +---------+---------+-------+---------+---------+-------
      Total |     185 |       0 |   0.0 |      60 |       0 |   0.0
            +---------+---------+-------+---------+---------+-------
        D:1 |      71 |       0 |   0.0 |      32 |       0 |   0.0
        D:2 |      34 |       0 |   0.0 |      18 |       0 |   0.0
        D:3 |      80 |       0 |   0.0 |      10 |       0 |   0.0
            +---------+---------+-------+---------+---------+-------
